 Dungeon Crawl Stone Soup version 0.28-a0-674-gdaf460b524 (webtiles) character file.

Game seed: 1650039426268350489

67 kipponium the Insei (level 4, -5/32 HPs)
             Began as a Demonspawn Transmuter on Oct 17, 2021.
             Slain by an iguana (9 damage)
             ... on level 2 of the Dungeon.
             The game lasted 00:03:40 (2448 turns).

kipponium the Insei (Demonspawn Transmuter)         Turns: 2448, Time: 00:03:41

Health: -5/32      AC:  2    Str: 10    XL:     4   Next: 0%
Magic:  6/7        EV: 12    Int: 15    God:
Gold:   91         SH:  0    Dex: 14    Spells: 6/7 levels left

rFire   . . .      SeeInvis .     - Unarmed
rCold   . . .      Faith    .   (no shield)
rNeg    . . .      Spirit   .   a - +0 robe
rPois   .          Reflect  .   (helmet currently unavailable)
rElec   .          Harm     .   (no cloak)
rCorr   .          Rampage  .   (no gloves)
Will    .....                   (boots currently unavailable)
Stlth   +.........              (no amulet)
HPRegen 0.10/turn               (no ring)
MPRegen 0.10/turn               (no ring)

@: appendages (expiring), attractive, hasted, very quick
A: horns 2, talons 2, hooves 2, powered by death 1
a: End Transformation


You were on level 2 of the Dungeon.
You had temporarily grown beastly horns and talons.
You visited 1 branch of the dungeon, and saw 2 of its levels.

You collected 91 gold pieces.

Inventory:

Armour
 a - a +0 robe (worn)
Scrolls
 d - a scroll of identify {unknown}
 f - a scroll of teleportation {unknown}
Potions
 e - a potion of lignification {unknown}


   Skills:
 - Level 1.0 Fighting
 - Level 1.7 Dodging
 + Level 3.7 Unarmed Combat
 - Level 2.0 Spellcasting
 * Level 2.9 Transmutations


You had 6 spell levels left.
You knew the following spells:

 Your Spells              Type           Power      Damage    Failure   Level
a - Beastly Appendage     Tmut           20%        N/A       7%          1

Your spell library contained the following spells:

 Spells                   Type           Power      Damage    Failure   Level
 Wereblood                Tmut           10%        N/A       10%         2
 Spider Form              Tmut/Pois      2%         N/A       36%         3
 Ice Form                 Ice/Tmut       5%         N/A       77%         4


Dungeon Overview and Level Annotations

Branches:
Dungeon (2/15)

Altars:


Innate Abilities, Weirdness & Mutations

You have temporarily grown beastly horns and talons.
You have hoof-like feet.
You regenerate a little health from kills.


Message History

Nothing appears to happen.
The kobold shouts!
Casting: Beastly Appendage (safe; 7% risk of failure)
Confirm with . or Enter, or press ? or * to list all spells.
You grow a pair of large bovine horns.
Your feet morph into talons.
The iguana bites you.
You hit the iguana. Your kick misses the iguana. You headbutt the iguana.
The iguana is moderately wounded.
The iguana closely misses you.
You barely miss the iguana. Your kick misses the iguana.
The iguana is moderately wounded.
The iguana bites you.
You hit the iguana but do no damage.
The iguana is moderately wounded.
The iguana bites you.
You closely miss the iguana. Your headbutt misses the iguana.
The iguana is moderately wounded.
The iguana bites you.
You barely miss the iguana. You claw the iguana.
The iguana is moderately wounded.
The iguana closely misses you.
You hit the iguana but do no damage. Your headbutt misses the iguana.
The iguana is moderately wounded.
The iguana misses you.
Your magical contamination has completely faded away.
You barely miss the iguana. You claw the iguana.
The iguana is heavily wounded.
The iguana bites you!
* * * LOW HITPOINT WARNING * * *
You hit the iguana. Your kick misses the iguana.
The iguana is heavily wounded.
Your transformation is almost over.
The iguana bites you.
* * * LOW HITPOINT WARNING * * *
It was a potion of haste.
You feel yourself speed up. The iguana barely misses you.
It was a potion of attraction.
You feel attractive to monsters. The iguana bites you!
You die...

#.....# ..... ..... ... ... #K# #
#l# #. #...##@##### #.#
............# #.# ##
........###.# #.# .#####
.......####.####.##### ..^..#
#....................# .###.##
#.......###.##.......#
......####.......# #.##.##.#..###
.#.......#.......###.##.#.#......
.#.#..##.######......##..###..#.#


You could see an iguana and a kobold.

Vanquished Creatures
  3 adders (D:2)
  2 dart slugs (D:1)
  2 bats
  2 endoplasms (D:1)
  5 goblins
  4 hobgoblins
  4 kobolds
  2 quokkas
  4 ball pythons
  2 frilled lizards
  6 rats
36 creatures vanquished.

Notes
Turn   | Place    | Note
-------+----------+-------------------------------------------
     0 | D:1      | kipponium the Demonspawn Transmuter began the quest for the
                  | Orb.
     0 | D:1      | Reached XP level 1. HP: 15/15 MP: 3/3
   167 | D:1      | Reached skill level 3 in Unarmed Combat
   403 | D:1      | Lost mutation: You have razor-sharp toenails. [demonic
                  | ancestry]
   403 | D:1      | Lost mutation: You have sharp toenails. [demonic ancestry]
   403 | D:1      | Gained mutation: You have large cloven feet. [demonic
                  | ancestry]
   403 | D:1      | Reached XP level 2. HP: 21/21 MP: 3/5
  1335 | D:1      | Gained mutation: You regenerate a little health from kills.
                  | [demonic ancestry]
  1335 | D:1      | Reached XP level 3. HP: 26/26 MP: 4/6
  2322 | D:2      | Lost mutation: You have razor-sharp toenails. [demonic
                  | ancestry]
  2322 | D:2      | Lost mutation: You have sharp toenails. [demonic ancestry]
  2322 | D:2      | Gained mutation: You have hoof-like feet. [demonic
                  | ancestry]
  2322 | D:2      | Reached XP level 4. HP: 24/32 MP: 7/7
  2448 | D:2      | Slain by an iguana

Illustrated notes

Levels and vault maps discovered:
D:1:      scummos_arrival_hexagon, layout_loops_ring
D:2:      layout_loops_cross, kennysheep_cross_room, grunt_ministairs_4,
          hex_tiny, patterned_corridor

Skill      XL: |  1 |
---------------+----+-----
Transmutations | 2 |  2.9
Unarmed Combat | 3 |  3.7
Fighting       | |  1.0
Dodging        | |  1.7
Spellcasting   | |  2.0

Action                   |  1- 3 |  4- 6 || total
-------------------------+-------+-------++-------
Melee: Unarmed           |   110 |     8 ||   118
       Kick              |    18 |     2 ||    20
       Headbutt          |    12 |     1 ||    13
 Cast: Beastly Appendage |    28 |     1 ||    29
  Use: Potion            |       |     2 ||     2
 Stab: Sleeping          |     3 |       ||     3
Armor: Robe              |    16 |       ||    16
Dodge: Dodged            |    47 |     4 ||    51

Table legend: (Time is in decaauts)
 A = Elapsed time spent in this place.
 B = Non-inter-level travel time spent in this place.
 C = Inter-level travel time spent in this place.
 D = Time resting spent in this place.
 E = Time spent auto-exploring this place.
 F = Levels seen in this place.
 G = Mean time per level.
                   A        B        C        D        E       F      G
               +--------+--------+--------+--------+--------+-----+--------+
         Total |   2441 |   2414 |     27 |   1157 |    927 |   2 | 1220.5 |
       Dungeon |   2441 |   2414 |     27 |   1157 |    927 |   2 | 1220.5 |
               +--------+--------+--------+--------+--------+-----+--------+

Top non-repeatable levels by time:
     D:1: 1531 daAuts
     D:2: 910 daAuts
